 Dungeon Crawl Stone Soup version 0.27-a0-1105-g946c659c87 (webtiles) character file.

Game seed: 5602358791776609797

20570 siradein the Carver (level 12, -22/81 HPs)
             Began as a Demonspawn Gladiator on Apr 30, 2021.
             Was an Elder of Hepliaklqana.
             Killed from afar by an ice dragon (41 damage)
             ... with a blast of cold
             ... in an ice cave.
             The game lasted 00:43:31 (18431 turns).

siradein the Carver (Demonspawn Gladiator)         Turns: 18431, Time: 00:43:33

Health: -22/81     AC:  5    Str: 16    XL:     12   Next: 46%
Magic:  0/18       EV: 15    Int:  9    God:    Hepliaklqana [****..]
Gold:   932        SH: 15    Dex: 19    Spells: 11/11 levels left

rFire    . . .     SeeInvis .   Z - +1 scimitar (flame)
rCold    . . .     Faith    .   W - +0 buckler {rPois}
rNeg     . . .     Spirit   +   (no armour)
rPois    +         Reflect  +   (helmet unavailable)
rElec    .         Harm     .   U - +2 cloak
rCorr    +         Rampage  .   l - +0 pair of gloves
Will     .....                  o - +0 pair of boots
Stlth    ++........             D - amulet of reflection
HPRegen  0.23/turn              y - ring of resist corrosion
MPRegen  0.32/turn              X - ring of flight

@: flying
A: reduced essence, horns 3, large bone plates 2, demonic guardian 3, magic
shield, magic regeneration
a: Renounce Religion, Recall Ancestor, Ancestor Identity, Transference, Idealise


You were in an ice cave.
You worshipped Hepliaklqana.
Hepliaklqana was greatly pleased with you.
You visited 3 branches of the dungeon, and saw 15 of its levels.
You also visited: Ice Cave.

You collected 932 gold pieces.

Inventory:

Hand Weapons
 M - a +4 long sword
 Y - a +0 hunting sling
 Z - a +1 scimitar of flaming (weapon)
Missiles
 d - 6 throwing nets (quivered)
 e - 132 sling bullets
 q - 12 bolts
 s - 9 atropa-tipped darts
 O - a curare-tipped dart
 S - 6 boomerangs of dispersal
Armour
 l - a +0 pair of gloves (worn)
 o - a +0 pair of boots (worn)
 w - +0 fire dragon scales
 U - a +2 cloak (worn)
 W - a +0 buckler of poison resistance (worn)
Jewellery
 y - a ring of resist corrosion (left hand)
 D - an amulet of reflection (around neck)
 X - a ring of flight (right hand)
Wands
 c - a wand of acid (16)
 u - a wand of flame (7)
 B - a wand of paralysis (10)
 H - a wand of digging (2)
 K - a wand of mindburst (29)
 N - a wand of charming (2)
Scrolls
 a - 3 scrolls of blinking
 f - a scroll of acquirement {unknown}
 g - 8 scrolls of teleportation
 h - 2 scrolls of amnesia {unknown}
 i - 2 scrolls of magic mapping {unknown}
 k - a scroll of fog {unknown}
 n - a scroll of brand weapon {unknown}
 v - a scroll of vulnerability {unknown}
 E - a scroll of enchant weapon {unknown}
 I - 2 scrolls of enchant armour {unknown}
 J - a scroll of holy word {unknown}
 L - 5 scrolls of noise {unknown}
 Q - a scroll of immolation {unknown}
 R - 3 scrolls of silence {unknown}
Potions
 b - 2 potions of mutation
 j - 3 potions of heal wounds
 m - a potion of degeneration {unknown}
 p - 6 potions of lignification
 r - 2 potions of might
 t - 8 potions of curing
 x - 3 potions of flight
 z - 3 potions of cancellation
 A - a potion of magic
 C - 4 potions of haste
 F - 3 potions of brilliance
 G - 2 potions of berserk rage
 P - a potion of attraction
 T - a potion of ambrosia
 V - a potion of resistance


   Skills:
 + Level 7.4 Fighting
 - Level 14.0 Long Blades
 - Level 1.7 Throwing
 + Level 6.3 Armour
 + Level 7.1 Dodging
 + Level 9.2 Invocations


You had 11 spell levels left.
You didn't know any spells.
Your spell library contained the following spells:

 Spells                   Type           Power      Damage    Failure   Level
 Apportation              Tloc           0%         N/A       56%         1
 Corona                   Hex            0%         N/A       56%         1
 Magic Dart               Conj           0%         1d3       56%         1
 Summon Small Mammal      Summ           0%         N/A       56%         1
 Blink                    Tloc           N/A        N/A       71%         2
 Call Imp                 Summ           0%         N/A       71%         2
 Slow                     Hex            0%         N/A       71%         2
 Call Canine Familiar     Summ           0%         N/A       90%         3
 Conjure Flame            Conj/Fire      0%         6-21      90%         3
 Inner Flame              Hex/Fire       0%         N/A       90%         3
 Lesser Beckoning         Tloc           0%         N/A       90%         3
 Mephitic Cloud           Conj/Pois/Air  0%         N/A       90%         3
 Portal Projectile        Hex/Tloc       0%         N/A       90%         3
 Summon Guardian Golem    Hex/Summ       0%         N/A       90%         3
 Tukima's Dance           Hex            0%         N/A       90%         3
 Cause Fear               Hex            0%         N/A       100%        4
 Leda's Liquefaction      Hex/Erth       0%         N/A       100%        4
 Summon Ice Beast         Ice/Summ       0%         N/A       100%        4
 Summon Lightning Spire   Summ/Air       0%         N/A       100%        4
 Alistair's Intoxication  Tmut/Pois      0%         N/A       100%        5
 Invisibility             Hex            0%         N/A       100%        6
 Chain Lightning          Conj/Air       0%         N/A       100%        8
 Lehudib's Crystal Spear  Conj/Erth      0%         10d2      100%        8
 Absolute Zero            Ice            0%         ∞         100%        9
 Fire Storm               Conj/Fire      0%         5d1       100%        9


Dungeon Overview and Level Annotations

Branches:
Dungeon (12/15)            Temple (1/1) D:4            Lair (2/6) D:10
    Orc (0/2) D:11          IceCv (1/1)
  Swamp: Lair:2-4    Shoals: Lair:2-4     Snake: Lair:2-4    Spider: Lair:2-4

Altars:
Ashenzari
Cheibriados
Dithmenos
Elyvilon
Fedhas
Gozag
Hepliaklqana
Kikubaaqudgha
Makhleb
Nemelex Xobeh
Okawaru
Qazlal
Ru
Sif Muna
Trog
Uskayaw
Vehumet
Wu Jian
Xom
Yredelemnul
Zin
The Shining One


Innate Abilities, Weirdness & Mutations

Your life essence is reduced to manifest your ancestor. (-10% HP)
You have a pair of large horns on your head.
You are mostly covered in large bone plates. (SH +6)
A powerful demonic guardian rushes to your aid.
When hurt, damage is shared between your health and your magic reserves.
You regenerate magic rapidly.


Message History

You now have 900 gold pieces (gained 8).
You now have 925 gold pieces (gained 25).
You now have 932 gold pieces (gained 7). 2 ice dragons come into view.
The ice dragon roars deafeningly! x2
Found a ring of resist corrosion, 105 gold pieces and a twitching glass ring.
The ice dragon breathes frost at you. The blast of cold hits you!!!
Dickmunch hits the ice dragon with a +0 dagger of draining.
Dickmunch drains the ice dragon.
Unknown command.
Dickmunch barely misses the ice dragon.
The ice dragon is engulfed in freezing vapours.
The ice dragon breathes frost at you. The blast of cold hits you!!
You see here a rime drake corpse.
The ice dragon seems less drained.
The ice dragon breathes frost at you. The blast of cold hits you!
The ice dragon breathes frost at you. The blast of cold hits you!!
* * * LOW HITPOINT WARNING * * *
A demonic guardian appears!
You start resting.
An ice dragon is nearby!
The ice dragon bites your soul eater. The ice dragon claws your soul eater!
The ice dragon closely misses your soul eater.
Your soul eater hits the ice dragon!
The ice dragon bites your soul eater but does no damage.
The ice dragon claws your soul eater but does no damage.
The ice dragon tramples your soul eater.
Your soul eater holds its ground!
The ice dragon bites your soul eater.
The ice dragon barely misses your soul eater. x2
Your soul eater hits the ice dragon.
The ice dragon breathes frost at you.
The blast of cold hits your soul eater!!
Your soul eater resists.
The blast of cold hits you!!!
Ouch! That really hurt!
You die...

####...#..R...........##
.##D.###.D...........##
..D.## ###..........##
##.## ##.#....#.## ###
####..#### #.R## ##DD##
##3.# ##.@.# ##...##
#...## #...## ##...#
##...## ##.....##
#...∩...# #.......#


You could see the friendly Dickmunch the hexer, 2 ice dragons and a friendly
soul eater (summoned).

Vanquished Creatures
  A boulder beetle (Lair:2)
  Nergalle (D:11)
  A black mamba (Lair:2)
  An ice statue (IceCv)
  A rime drake (IceCv)
  An unseen horror (D:7)
  2 cane toads
  3 komodo dragons
  An ice devil (Lair:2)
  A troll (D:11)
  A slime creature (D:7)
  4 blink frogs (Lair:1)
  A vampire (D:11)
  A wyvern (D:8)
  3 vampire mosquitoes
  14 yaks
  2 acid dragons
  2 water moccasins (D:7)
  9 ice beasts
  A necrophage (D:8)
  An ogre (D:7)
  4 centaurs
  2 phantoms
  5 bullfrogs
  2 scorpions (D:5)
  3 wyvern zombies
  A water moccasin zombie (D:6)
  A killer bee (D:7)
  5 wights
  An electric eel (Lair:1)
  A howler monkey (D:7)
  3 centaur zombies
  A gnoll shaman (D:9)
  2 orc priests
  4 bullfrog skeletons
  2 hounds (D:7)
  4 centaur skeletons
  A hexer (D:10)
  2 iguanas
  5 orc wizards
  A killer bee zombie (D:7)
  A howler monkey zombie (D:10)
  9 gnolls
  5 adders
  An ufetubus (D:4)
  3 dart slugs
  20 orcs
  9 ball pythons
  4 endoplasms (D:1)
  4 giant cockroaches
  8 goblins
  4 hobgoblins
  5 jackals
  10 kobolds
  3 quokkas
  7 bats (D:1)
  9 frilled lizards
  4 rats
208 creatures vanquished.

Vanquished Creatures (collateral kills)
  2 hydras
  A boulder beetle (D:11)
  Erica (Lair:1)
  3 two-headed ogres
  A skeletal warrior (D:7)
  A deep elf pyromancer (D:7)
  Pikel (D:7)
  A manticore (D:11)
  An ice statue (IceCv)
  A gargoyle (D:7)
  2 rime drakes
  A komodo dragon (D:7)
  An unseen horror (D:7)
  An ice devil (Lair:2)
  A troll (D:9)
  Grinder (D:3)
  A shadow (D:10)
  3 yaks (D:9)
  A steam dragon (D:9)
  Menkaure (D:4)
  A water moccasin (D:5)
  A black bear (D:7)
  3 ice beasts (IceCv)
  2 orc warriors
  A centaur (D:7)
  A kobold brigand (D:9)
  3 wights
  A bullfrog zombie (D:5)
  A centaur zombie (D:9)
  A hound (D:4)
  2 orc priests (D:6)
  An orc wizard (D:7)
  A hound zombie (D:5)
  A howler monkey zombie (D:10)
  A shadow imp (D:6)
  An ufetubus (D:4)
  4 orcs
  3 kobolds (D:9)
  2 frilled lizards (D:6)
57 creatures vanquished.

Vanquished Creatures (others)
  13 hexers
  An ancestor (D:4)
  A bush (Lair:1)
  2 fungi (Lair:2)
  13 plants
  A withered plant (D:6)
31 creatures vanquished.

Grand Total: 296 creatures vanquished

Notes
Turn   | Place    | Note
-------+----------+-------------------------------------------
     0 | D:1      | siradein the Demonspawn Gladiator began the quest for the
                  | Orb.
     0 | D:1      | Reached XP level 1. HP: 16/16 MP: 1/1
    45 | D:1      | Reached skill level 3 in Long Blades
   215 | D:1      | Found a faded altar of an unknown god.
   223 | D:1      | Gained mutation: A weak demonic guardian rushes to your
                  | aid. [demonic ancestry]
   223 | D:1      | Reached XP level 2. HP: 22/22 MP: 2/2
   824 | D:1      | Gained mutation: You regenerate magic rapidly. [demonic
                  | ancestry]
   824 | D:1      | Reached XP level 3. HP: 27/27 MP: 3/3
   917 | D:1      | Reached skill level 4 in Long Blades
  1719 | D:2      | Gained mutation: You are partially covered in large bone
                  | plates. (SH +4) [demonic ancestry]
  1719 | D:2      | Reached XP level 4. HP: 32/33 MP: 4/4
  2061 | D:2      | Found an ancient bone altar of Kikubaaqudgha.
  2146 | D:2      | Reached skill level 5 in Long Blades
  2507 | D:3      | Gained mutation: A demonic guardian rushes to your aid.
                  | [demonic ancestry]
  2507 | D:3      | Reached XP level 5. HP: 21/38 MP: 5/5
  2919 | D:3      | Noticed Grinder
  2931 | D:3      | Paralysed by Grinder for 3 turns
  2931 | D:3      | Killed Grinder
  2932 | D:3      | Reached skill level 6 in Long Blades
  2932 | D:3      | Gained mutation: A powerful demonic guardian rushes to your
                  | aid. [demonic ancestry]
  2932 | D:3      | Reached XP level 6. HP: 25/44 MP: 6/6
  3354 | D:4      | Found a staircase to the Ecumenical Temple.
  3399 | Temple   | Entered the Ecumenical Temple
  3499 | Temple   | Became a worshipper of Hepliaklqana the Forgotten
  4282 | D:4      | Noticed Menkaure
  4291 | D:4      | Killed Menkaure
  4292 | D:4      | Reached skill level 7 in Long Blades
  4630 | D:5      | Entered Level 5 of the Dungeon
  5193 | D:5      | Gained mutation: You have a pair of small horns on your
                  | head. [demonic ancestry]
  5193 | D:5      | Reached XP level 7. HP: 33/45 MP: 7/7
  5584 | D:5      | Reached skill level 8 in Long Blades
  5818 | D:5      | Reached * piety under Hepliaklqana
  6501 | D:6      | Reached skill level 9 in Long Blades
  6501 | D:6      | Gained mutation: When hurt, damage is shared between your
                  | health and your magic reserves. [demonic ancestry]
  6501 | D:6      | Reached XP level 8. HP: 50/50 MP: 8/8
  6600 | D:6      | HP: 2/50 [orc priest/divine providence (8)]
  7133 | D:6      | Found an iron altar of Okawaru.
  7274 | D:6      | Reached skill level 10 in Long Blades
  7829 | D:7      | Noticed Pikel
  8098 | D:7      | Reached ** piety under Hepliaklqana
  8105 | D:7      | Remembered your ancestor Dickmunch as a hexer
  8363 | D:7      | Killed Pikel
  8364 | D:7      | Reached skill level 11 in Long Blades
  8364 | D:7      | Gained mutation: You have a pair of horns on your head.
                  | [demonic ancestry]
  8364 | D:7      | Reached XP level 9. HP: 37/54 MP: 7/9
  9371 | D:7      | Noticed a skeletal warrior
  9521 | D:8      | Reached skill level 12 in Long Blades
  9608 | D:8      | Found a shimmering blue altar of Sif Muna.
  9875 | D:8      | Found a burning altar of Makhleb.
 10214 | D:8      | Reached skill level 13 in Long Blades
 10221 | D:8      | Gained mutation: You have a pair of large horns on your
                  | head. [demonic ancestry]
 10221 | D:8      | Reached XP level 10. HP: 53/60 MP: 10/10
 10357 | D:8      | Found an ancient bone altar of Kikubaaqudgha.
 10499 | D:8      | Found a radiant altar of Vehumet.
 10638 | D:9      | Reached *** piety under Hepliaklqana
 10641 | D:9      | Noticed a two-headed ogre
 10722 | D:8      | Killed a two-headed ogre
 11138 | D:9      | Found a broken altar of Ashenzari.
 11138 | D:9      | Found a stormy altar of Qazlal.
 11138 | D:9      | Found a basalt altar of Yredelemnul.
 11173 | D:9      | Reached skill level 14 in Long Blades
 11324 | D:9      | Found a snail-covered altar of Cheibriados.
 11374 | D:9      | Reached skill level 1 in Invocations
 11590 | D:10     | Entered Level 10 of the Dungeon
 11617 | D:10     | You fall into a shaft and drop 1 floor!
 11619 | D:11     | Noticed Nergalle
 11646 | D:11     | Reached skill level 1 in Armour
 11686 | D:12     | Noticed a two-headed ogre
 11711 | D:11     | Killed Nergalle
 11773 | D:11     | Noticed a manticore
 11791 | D:11     | Killed a manticore
 11986 | D:11     | Noticed a two-headed ogre
 11986 | D:11     | Noticed a gargoyle
 12230 | D:10     | Found a staircase to the Lair.
 12508 | D:10     | Noticed a two-headed ogre
 12689 | D:10     | Killed a two-headed ogre
 12690 | D:10     | Gained mutation: You are mostly covered in large bone
                  | plates. (SH +6) [demonic ancestry]
 12690 | D:10     | Reached XP level 11. HP: 17/68 MP: 7/14
 12975 | D:10     | Noticed a six-headed hydra
 13362 | D:11     | Reached **** piety under Hepliaklqana
 13386 | D:11     | Noticed a boulder beetle
 13417 | D:11     | Killed a boulder beetle
 13596 | D:11     | Reached skill level 5 in Invocations
 13691 | D:11     | Found a staircase to the Orcish Mines.
 13759 | D:11     | Killed a two-headed ogre
 14104 | D:10     | Killed a ten-headed hydra
 14105 | D:10     | Reached skill level 5 in Fighting
 14105 | D:10     | Reached skill level 5 in Dodging
 14787 | D:7      | Killed a skeletal warrior
 15360 | D:7      | Noticed a five-headed hydra
 15367 | D:7      | Killed a five-headed hydra
 15451 | D:7      | Noticed a deep elf pyromancer
 15460 | D:7      | Killed a deep elf pyromancer
 15471 | D:7      | Reached skill level 5 in Armour
 16027 | Lair:1   | Entered Level 1 of the Lair of Beasts
 16053 | Lair:1   | Noticed Erica
 16063 | Lair:1   | Killed Erica
 16262 | Lair:1   | Reached XP level 12. HP: 67/80 MP: 14/17
 17364 | Lair:2   | Noticed a boulder beetle
 17393 | Lair:2   | Killed a boulder beetle
 17510 | Lair:2   | Found a frozen archway.
 17526 | IceCv    | Entered an ice cave
 18381 | IceCv    | Noticed an ice dragon
 18381 | IceCv    | Noticed an ice dragon
 18431 | IceCv    | Killed from afar by an ice dragon

Illustrated notes

Levels and vault maps discovered:
D:1:      minmay_arrival_checkered_box, layout_basic, basic_ecumenical_altar,
          minmay_circled_x
D:2:      layout_rooms, basic_altar
D:3:      layout_basic, uniq_grinder
D:4:      layout_loops_ring, temple_pool_b, uniq_menkaure
D:5:      layout_rooms, chequers_serial_rivers_small_3
D:6:      layout_cave_pools, okawaru_ov_weapons_minmay,
          lemuel_coloured_pillars_altar, serial_undead, serial_undead_d,
          serial_undead_e, serial_undead_c, serial_undead_f, minmay_lizard_king
D:7:      minmay_the_grid_octo_tiled_octocenter [minmay_the_grid_octo_pinwheel,
          minmay_the_grid_octo_empty, minmay_the_grid_octo_tetromino_candy,
          minmay_the_grid_octo_checkered,
          minmay_the_grid_octo_prize_single_spiral,
          minmay_the_grid_square_5x5_bite,
          minmay_the_grid_square_5x5_intrusive_squares,
          minmay_the_grid_square_5x5_empty, minmay_the_grid_square_5x5_comb],
          layout_cave_pods, uniq_pikel
D:8:      layout_loops_corners, elyvilon_altar_5, lemuel_tele_altar,
          general_overflow_altar, kennysheep_mini_moat, lemuel_crystal_altar
D:9:      layout_big_octagon, kennysheep_mini,
          gammafunk_temple_overflow_forgotten
D:10:     layout_loops_corners, lair_entry_dummy
D:11:     layout_roguey, orc_0_dummy, uniq_urug, uniq_nergalle
D:12:     layout_roguey, pond
Temple:   jpeg_temple_clearing
Lair:1:   layout_regular_city, chequers_serial_rivers_micro_c,
          chequers_serial_rivers_room_b, minivault_24, wad_woods_06,
          grunt_megastairs_2, serial_bayou_shore_a, infiniplex_staircase_pool_2,
          lemuel_fruit_tree, uniq_erica
Lair:2:   layout_chaotic_city, minmay_swamp_entry_worms,
          portal_ice_cave_demonic_guard
IceCv:    ice_cave_small_dragons

Skill      XL: |  1  2  3  4  5  6  7  8  9 10 11 12 |
---------------+-------------------------------------+-----
Long Blades    | 3 4 5 6 7 9 11 13 14 | 14.0
Invocations    | 4 7 9 |  9.2
Armour         | 2 5 6 |  6.3
Dodging        | 4 6 7 |  7.1
Fighting       | 3 6 7 |  7.4
Throwing       | |  1.7

Action                   |  1- 3 |  4- 6 |  7- 9 | 10-12 || total
-------------------------+-------+-------+-------+-------++-------
Melee: Long sword        |    50 |    87 |   250 |   268 ||   655
       Dagger            |    73 |   100 |       |       ||   173
       Headbutt          |       |       |    62 |   130 ||   192
       Scimitar          |       |       |       |   147 ||   147
Invok: Ancestor Life: He |       |       |     1 |       ||     1
       Recall Ancestor   |       |       |     1 |     1 ||     2
       Ancestor Identity |       |       |     1 |       ||     1
  Use: Scroll            |       |     4 |     5 |     6 ||    15
 Stab: Sleeping          |     3 |       |       |       ||     3
       Distracted        |       |     1 |     5 |     8 ||    14
       Confused          |       |       |     1 |     8 ||     9
Armor: Leather armour    |    47 |    25 |       |       ||    72
       Fire dragon scale |       |    66 |    99 |   112 ||   277
       Skin              |       |       |       |     3 ||     3
Dodge: Dodged            |    95 |    85 |    78 |   116 ||   374
Block: Other             |       |    34 |    94 |   117 ||   245
       Reflection        |       |       |     8 |     3 ||    11
       Buckler           |       |       |       |    60 ||    60
       Rpst.: Long sword |    17 |    16 |    22 |    16 ||    71
       Scimitar          |       |       |       |    14 ||    14

Table legend: (Time is in decaauts)
 A = Elapsed time spent in this place.
 B = Non-inter-level travel time spent in this place.
 C = Inter-level travel time spent in this place.
 D = Time resting spent in this place.
 E = Time spent auto-exploring this place.
 F = Levels seen in this place.
 G = Mean time per level.
                   A        B        C        D        E       F      G
               +--------+--------+--------+--------+--------+-----+--------+
         Total |  18329 |  17868 |    461 |   2228 |  12276 |  16 | 1145.6 |
       Dungeon |  15824 |  15396 |    428 |   2018 |  10534 |  12 | 1318.7 |
        Temple |    116 |    116 |      0 |      0 |     75 |   1 |  116.0 |
          Lair |   1495 |   1463 |     32 |      5 |   1142 |   2 |  747.5 |
      Ice Cave |    893 |    893 |      0 |    205 |    525 |   1 |  893.0 |
               +--------+--------+--------+--------+--------+-----+--------+

Top non-repeatable levels by time:
     D:7: 2135 daAuts
     D:4: 1799 daAuts
    D:10: 1782 daAuts
     D:6: 1673 daAuts
     D:5: 1588 daAuts
     D:1: 1542 daAuts
     D:8: 1508 daAuts
  Lair:1: 1285 daAuts
    D:11: 1207 daAuts
     D:3: 1020 daAuts
   IceCv: 893 daAuts
     D:9: 778 daAuts
     D:2: 752 daAuts
  Lair:2: 209 daAuts
  Temple: 116 daAuts
